cohdb
Replays
Latest Replays
All Replays
Popular Replays
Top Player Replays
Match Explorer
How It Works
Community
CoH3 Stats
Reddit
Sign in to upload your games and track your stats! →
Sign in with Steam
Match 40636452
Unlisted
Match 40636452
Overview
Messages
Build Orders
End
Construct Infanterie Kompanie
Pioneer Squad
Grenadier Squad
Selects Terror Battlegroup
Selects Machine Gun Camouflage
MG 42 Machine Gun Team
Grenadier Squad
Infanterie Officer Quarters
Grenadier Squad
Construct Luftwaffe Kompanie
Support Elements
Jäger Squad
Flak 30 Anti-aircraft Gun Team
Marder III M Tank Destroyer
Jäger Squad
Wirbelwind Flakpanzer
Wirbelwind Flakpanzer
Standard Grenadier
DarthBonziBuddy
CPU - VERY EASY
Súp phờ rinh
p1
A-Kai
0
0
Comments
sign in to comment!
No comments posted yet!